 Dungeon Crawl Stone Soup version 0.29.1-15-g9cfb28693d (webtiles) character file.

Game seed: 8512764114218539810

428 KittyFluff the Cudgeller (level 6, 0/60 HPs)
             Began as a Gargoyle Berserker on Apr 9, 2023.
             Was a Priest of Trog.
             Slain by a wyvern (6 damage)
             ... on level 5 of the Dungeon.
             The game lasted 00:14:45 (4067 turns).

KittyFluff the Cudgeller (Gargoyle Berserker)       Turns: 4067, Time: 00:14:45

Health: 0/60       AC: 10    Str: 20    XL:     6   Next: 98%
Magic:  6/6        EV: 12    Int:  8    God:    Trog [***...]
Gold:   179        SH:  0    Dex: 11    Spells: 5/5 levels left

rFire   . . .      SeeInvis .   a - +0 mace
rCold   + . .      Faith    .   (no shield)
rNeg    + . .      Spirit   .   h - +0 leather armour
rPois   ∞          Reflect  .   p - +0 helmet
rElec   +          Harm     .   (no cloak)
rCorr   .          Rampage  .   (no gloves)
Will    .....                   l - +0 pair of boots
Stlth   ..........              (no amulet)
HPRegen 0.20/turn               q - +4 ring of slaying
MPRegen 0.10/turn               x - ring of protection from cold

@: berserking, studying Armour, very quick
A: sickness immunity, AC +4, negative energy resistance 1, electricity
resistance, torment resistance 1, petrification resistance
a: Renounce Religion, Berserk, Trog's Hand


You were on level 5 of the Dungeon.
You worshipped Trog.
Trog was most pleased with you.
You visited 1 branch of the dungeon, and saw 5 of its levels.

You collected 179 gold pieces.

Inventory:

Hand Weapons
 a - a +0 mace (weapon)
 c - a +0 sling
 v - a +0 morningstar
Missiles
 d - 45 stones (quivered)
 i - 6 atropa-tipped darts
Armour
 h - a +0 leather armour (worn)
 l - a +0 pair of boots (worn)
 p - a +0 helmet (worn)
Jewellery
 q - a +4 ring of slaying (left hand)
 x - a ring of protection from cold (right hand)
Scrolls
 b - 2 scrolls of teleportation {unknown}
 e - 2 scrolls of blinking {unknown}
 f - a scroll of amnesia {unknown}
 j - 2 scrolls of enchant armour {unknown}
 k - 2 scrolls of fear {unknown}
 n - a scroll of silence {unknown}
 t - a scroll of poison {unknown}
 u - a scroll of butterflies {unknown}
 w - a scroll of acquirement {unknown}
Potions
 g - a potion of resistance
 m - a potion of lignification
 o - 2 potions of might
 r - a potion of magic {unknown}
 s - a potion of cancellation {unknown}


   Skills:
 + Level 4.8 Fighting
 + Level 5.3 Maces & Flails
 * Level 3.9 Armour
 + Level 2.5 Dodging
 + Level 1.7 Stealth


You had 5 spell levels left.
You didn't know any spells.
Your spell library was empty.

Dungeon Overview and Level Annotations

Branches:
Dungeon (5/15)
 Temple: D:4-7

Altars:
Elyvilon
Nemelex Xobeh
Qazlal
Sif Muna
Xom
Zin
The Shining One

Shops:
D:1 *[!!   D:2 ?


Innate Abilities, Weirdness & Mutations

You are immune to sickness and miasma.
Your stone body is resilient. (AC +4)
You are immune to poison.
You resist negative energy. (rN+)
You are resistant to electric shocks. (rElec)
You are resistant to unholy torment.
You are immune to petrification.


Message History

Something hits you but does no damage.
You closely miss the orc. You barely miss something.
The orc priest mumbles some strange prayers to Beogh against you.
Beogh smites you!
You hit the orc but do no damage. The orc closely misses you.
You hear some strange, mumbled words.
A puff of flame appears from out of thin air!
The puff of flame hits you.
You barely miss the orc. Something completely misses you.
The orc hits you but does no damage.
The orc priest looks encouraged for a moment.
You closely miss the orc.
You hear some strange, mumbled words.
You are confused.
The orc hits you but does no damage. The orc priest misses you.
You're too confused to move!
Something hits you but does no damage. The orc hits you with a +0 whip.
The orc priest miscasts a cantrip.
You closely miss the orc. Something hits you but does no damage.
The orc barely misses you. The orc priest barely misses you.
The orc hits you but does no damage. The orc priest closely misses you.
The orc attacks as you move away! The orc closely misses you.
You hit the orc.
The orc is almost dead.
Something hits you but does no damage.
The orc priest casts a cantrip, but nothing happens.
You bump into the rock wall.
The orc misses you. The orc hits you with a +0 whip.
Something completely misses you.
You closely miss the orc.
You feel less confused. The wyvern closely misses you.
The orc hits you with a +0 whip. Something completely misses you.
The orc hits you with a +0 whip. The orc priest completely misses you.
Something hits you but does no damage. The wyvern bites you!
* * * LOW HITPOINT WARNING * * *
The orc hits you but does no damage.
A red film seems to cover your vision as you go berserk!
You feel yourself moving faster!
You feel mighty! The wyvern bites you.
You die...

...........#
.....##....#
...# #....# ..
####.## #
##..###
#.o##.####
##o......##
#ol{......# #
##@##.#....# #.
#..####...### ..
.......#....)##
.
#......>.......#
##...##.#......#
##
##.#####.#...##
.## #
#..#####.....##
..#..
..............#
.... .
.......)).....#


You could see a wyvern, an orc priest and 2 orcs.

Vanquished Creatures
  A phantom (D:4)
  2 scorpions
  A hound (D:4)
  2 iguanas
  An orc wizard (D:5)
  5 adders
  A worm (D:3)
  5 dart slugs
  8 orcs
  7 ball pythons
  5 endoplasms
  3 giant cockroaches
  7 goblins
  4 jackals (D:4)
  A quokka (D:2)
  5 bats
  6 frilled lizards
  7 kobolds
  5 rats
76 creatures vanquished.

Notes
Turn   | Place    | Note
-------+----------+-------------------------------------------
     0 | D:1      | KittyFluff the Gargoyle Berserker began the quest for the
                  | Orb.
     0 | D:1      | Reached XP level 1. HP: 14/14 MP: 1/1
     5 | D:1      | Found Hucaip's Armour Boutique.
   267 | D:1      | Found Cuwiheco's Distillery.
   276 | D:1      | Reached XP level 2. HP: 15/19 MP: 2/2
   328 | D:1      | Found Xirchaug's Distillery.
   385 | D:1      | Found Gufab's General Store.
   971 | D:2      | Reached XP level 3. HP: 22/23 MP: 3/3
  1032 | D:2      | Reached ** piety under Trog
  1046 | D:2      | Found Rennop's Magic Scroll Boutique.
  1666 | D:2      | Reached skill level 4 in Maces & Flails
  1666 | D:2      | Reached XP level 4. HP: 26/29 MP: 4/4
  1765 | D:3      | Found a shimmering altar of Xom.
  1782 | D:3      | Noticed a scorpion
  1802 | D:3      | Killed a scorpion
  1803 | D:3      | Reached skill level 1 in Stealth
  1803 | D:3      | Reached XP level 5. HP: 16/33 MP: 5/5
  2511 | D:3      | Found a white marble altar of Elyvilon.
  2511 | D:3      | Found a glowing golden altar of the Shining One.
  2561 | D:3      | Found a shimmering blue altar of Sif Muna.
  2561 | D:3      | Found a stormy altar of Qazlal.
  2702 | D:3      | Found a glowing silver altar of Zin.
  2972 | D:4      | Reached XP level 6. HP: 33/39 MP: 6/6
  2999 | D:4      | Reached skill level 5 in Maces & Flails
  3002 | D:4      | Reached *** piety under Trog
  3624 | D:4      | Found a sparkling altar of Nemelex Xobeh.
  3845 | D:5      | Entered Level 5 of the Dungeon
  4050 | D:5      | Noticed a wyvern
  4067 | D:5      | Slain by a wyvern

Illustrated notes

Levels and vault maps discovered:
D:1:      dpeg_arrival_radiant, layout_basic, serial_shops, shop, shop, shop,
          nicolae_shop_hallway_stairs, minivault_25
D:2:      layout_basic, serial_shops, nicolae_shop_hallway_plus,
          minmay_close_crescents
D:3:      layout_basic, dreamdust_divine_triumvirate, mainiacjoe_overflow_paths,
          gammafunk_temple_overflow_wave, serial_bayou_pond_e,
          kennysheep_generic_room_3
D:4:      layout_basic, mainiacjoe_overflow_alcove_2
D:5:      layout_cave_pools, temple_statues

Skill      XL: |  1  2  3  4  5  6 |
---------------+-------------------+-----
Maces & Flails | 4 5 |  5.3
Fighting       | 4 |  4.8
Armour         | 3 |  3.9
Dodging        | 2 |  2.5
Stealth        | 1 |  1.7

Action                   |  1- 3 |  4- 6 || total
-------------------------+-------+-------++-------
Melee: Mace              |   102 |   145 ||   247
       Punch             |       |     2 ||     2
Throw: Stone             |       |     2 ||     2
Invok: Berserk           |       |     2 ||     2
  Use: Scroll            |       |     3 ||     3
Armor: Animal skin       |    11 |       ||    11
       Leather armour    |    36 |    63 ||    99
Dodge: Dodged            |    66 |   101 ||   167
